Map: Ruins of Seras

Players

Nerchio - Winner!

  • Race: Zerg Zerg
  • League: Grandmaster

Lilbow

  • Race: Protoss Protoss

Event: NationWars III

VOD

Have the link to the VOD?

Description

Time

  • Played on: Dec. 5, 2015, 4:43 p.m.
  • Length: 8:16

All games in this series

Show
View Real Time Build Order
Export as new Build Order

Nerchio Zerg - Winner!

Build Orders: Hatch First 

Get SALT Encoding   

  12  0:01  Drone  
  13  0:12  Overlord  
  13  0:17  Drone  
  14  0:31  Drone x2  
  14  0:34  Drone  
  17  0:53  Hatchery  
  17  0:56  Drone  
  17  1:00  Drone  
  17  1:03  Extractor  
  17  1:15  Spawning Pool  
  16  1:19  Drone  
  16  1:22  Drone  
  18  1:28  Drone  
  19  1:38  Overlord  
  19  1:51  Drone  
  20  2:02  Queen  
  20  2:03  Zergling x2  
  20  2:06  Queen  
  20  2:08  Metabolic Boost  
  25  2:12  Drone  
  25  2:15  Drone  
  27  2:17  Drone  
  27  2:22  Drone  
  29  2:27  Drone  
  30  2:33  Drone  
  31  2:43  Hatchery  
  30  2:46  Zergling x2  
  30  2:47  Zergling x2  
  31  2:52  Evolution Chamber  
  31  2:53  Drone  
  31  2:56  Zergling x2  
  32  3:01  Overlord  
  32  3:05  Zergling x2  
  33  3:11  Zergling x6  
  36  3:21  Drone x5  
  41  3:28  Queen  
  41  3:33  Drone  
  43  3:37  Drone  
  44  3:43  Overlord  
  44  3:50  Overlord  
  44  3:58  Drone x6  
  44  4:00  Drone  
  44  4:01  Overlord  
  49  4:06  Zergling x2  
  49  4:09  Roach Warren  
  49  4:12  Queen  
  49  4:15  Zergling x4  
  53  4:20  Drone x2  
  53  4:22  Drone x2  
  53  4:23  Drone  
  57  4:25  Drone  
  57  4:27  Extractor  
  57  4:29  Overlord  
  57  4:45  Drone x2  
  59  4:51  Roach x3  
  59  4:52  Roach x3  
  71  4:54  Overlord  
  71  4:56  Roach  
  71  4:57  Roach x2  
  71  4:59  Overlord  
  77  5:03  Overlord  
  77  5:07  Roach  
  78  5:14  Roach x4  
  78  5:16  Overlord  
  78  5:20  Roach  
  85  5:22  Roach  
  85  5:23  Zergling x2  
  85  5:24  Overlord  
  87  5:30  Overlord  
  87  5:33  Overlord  
  87  5:34  Zergling x2  
  85  5:37  Zergling x2  
  85  5:42  Drone  
  85  5:44  Drone  
  86  5:51  Drone x2  
  86  5:54  Drone  
  86  5:57  Drone x2  
  91  6:01  Drone x3  
  91  6:02  Drone  
  93  6:08  Drone x3  
  96  6:13  Drone x3  
  96  6:14  Extractor  
  96  6:16  Extractor  
  97  6:19  Lair  
  96  6:28  Drone x3  
  96  6:31  Extractor  
  98  6:39  Drone x3  
  101  6:41  Roach  
  101  6:42  Roach x5, Extractor  
  101  6:43  Roach  
  101  6:44  Overlord x2  
  114  6:51  Spore Crawler  
  114  6:52  Spore Crawler  
  114  6:53  Spore Crawler  
  111  6:57  Roach x3  
  111  7:00  Overlord  
  117  7:03  Roach  
  117  7:04  Roach x2  
  117  7:05  Roach  
  117  7:07  Roach  
  119  7:09  Roach  
  119  7:10  Roach  
  119  7:12  Roach  
  119  7:14  Roach  
  119  7:18  Roach  
  119  7:19  Roach  
  119  7:20  Roach  
  119  7:21  Roach  
  123  7:23  Roach  
  123  7:26  Roach  
  123  7:29  Roach  
  127  7:30  Spine Crawler  
  127  7:32  Spine Crawler  
  127  7:34  Roach  
  125  7:40  Overseer  
  125  7:44  Overseer x2  
  125  7:45  Roach x2  
  125  7:46  Overlord  
  125  7:47  Roach  
  125  7:50  Roach x2  
  135  7:52  Roach  
Show
View Real Time Build Order
Export as new Build Order

Lilbow Protoss 

Build Orders: 1 Gate Expand, Mass Adepts 

Get SALT Encoding   

  12  0:01  Probe (Chrono Boost)  
  13  0:11  Probe (Chrono Boost)  
  14  0:17  Pylon  
  14  0:22  Probe (Chrono Boost)  
  15  0:36  Probe (Chrono Boost)  
  15  0:38  Gateway  
  16  0:46  Probe (Chrono Boost)  
  18  0:57  Probe (Chrono Boost)  
  18  1:07  Probe (Chrono Boost)  
  19  1:15  Nexus  
  19  1:24  Cybernetics Core  
  19  1:30  Assimilator  
  19  1:33  Probe (Chrono Boost)  
  19  1:38  Assimilator  
  20  1:43  Probe (Chrono Boost)  
  21  1:48  Pylon  
  22  1:54  Probe (Chrono Boost)  
  22  2:04  Probe (Chrono Boost)  
  22  2:06  Adept (Chrono Boost)  
  25  2:16  Probe  
  26  2:23  Warp Gate  
  26  2:25  Probe (Chrono Boost)  
  26  2:28  Probe (Chrono Boost)  
  26  2:29  Adept (Chrono Boost)  
  30  2:37  Probe (Chrono Boost)  
  30  2:40  Probe (Chrono Boost)  
  32  2:48  Probe (Chrono Boost)  
  32  2:50  Probe (Chrono Boost)  
  34  2:57  Adept  
  37  2:58  Probe (Chrono Boost)  
  37  3:01  Probe (Chrono Boost)  
  38  3:09  Probe (Chrono Boost)  
  38  3:11  Gateway, Probe (Chrono Boost)  
  40  3:15  Gateway  
  40  3:19  Probe (Chrono Boost)  
  41  3:22  Probe (Chrono Boost), Gateway  
  41  3:24  Pylon  
  42  3:30  Probe (Chrono Boost)  
  44  3:35  Mothership Core (Chrono Boost)  
  44  3:40  Probe (Chrono Boost), Pylon  
  44  3:42  Pylon  
  44  3:44  Pylon  
  44  3:48  Adept (Chrono Boost)  
  46  3:51  Probe  
  46  3:54  Probe  
  46  4:03  Probe  
  46  4:06  Probe  
  46  4:15  Probe  
  46  4:18  Probe  
  45  4:27  Probe  
  45  4:29  Adept x4  
  45  4:30  Probe  
  55  4:39  Assimilator  
  55  4:43  Twilight Council  
  57  4:51  Adept  
  57  4:52  Adept x2  
  61  4:53  Adept  
  61  4:54  Probe  
  61  4:56  Probe  
  64  5:04  Pylon  
  66  5:16  Adept x3  
  66  5:19  Resonating Glaives (Chrono Boost)  
  66  5:20  Pylon  
  62  5:43  Adept x3  
  66  5:51  Adept  
  66  5:54  Dark Shrine  
  62  6:07  Adept  
  62  6:08  Adept  
  62  6:09  Adept x2  
  70  6:12  Gateway  
  70  6:13  Gateway  
  70  6:16  Gateway  
  70  6:20  Gateway  
  70  6:21  Pylon  
  70  6:23  Pylon  
  70  6:30  Adept x4  
  70  6:31  Pylon  
  78  6:36  Pylon  
  78  6:50  Adept x3  
  78  6:51  Adept  
  78  7:14  Dark Templar x3, Adept  
  78  7:15  Adept x3  
  78  7:36  Adept x3  
  78  7:37  Adept x2  
  88  7:46  Adept x3  
  82  8:04  Adept x5  
  86  8:08  Adept x2  
Tags
 
Add a new tag
Caveats
  • Supply blocks, unpowered buildings, or Contaminate may cause inaccurate times.
  • Supply counts are checked every 10 seconds.